Map: Dusk Towers

Players

Miszu

  • Race: Terran Terran
  • League: Master

PRIMELOT - Winner!

  • Race: Protoss Protoss
  • League: Grandmaster

VOD

Have the link to the VOD?

Description

Time

  • Played on: April 6, 2016, 12:58 p.m.
  • Length: 14:21
Show
View Real Time Build Order
Export as new Build Order

Miszu Terran 

Build Orders: Command Center First (CC), MMM Bio 

Get SALT Encoding   

  12  0:01  SCV  
  13  0:13  SCV  
  14  0:18  Supply Depot  
  14  0:25  SCV  
  15  0:40  SCV  
  16  0:52  SCV  
  17  1:00  Command Center  
  17  1:04  SCV  
  18  1:16  SCV  
  19  1:18  Barracks  
  19  1:29  Barracks, SCV  
  20  1:41  SCV  
  21  1:53  SCV  
  22  1:54  Barracks  
  23  2:14  Marine, Orbital Command  
  23  2:18  Orbital Command  
  23  2:20  Marine  
  24  2:32  Marine  
  24  2:36  Refinery  
  24  2:37  Refinery  
  25  2:40  SCV  
  25  2:42  Supply Depot, Marine  
  25  2:43  Marine  
  28  2:44  SCV  
  29  2:51  Marine  
  29  2:52  SCV  
  29  2:56  SCV  
  32  3:02  Marine  
  32  3:03  Marine  
  32  3:04  SCV  
  35  3:08  Supply Depot  
  35  3:09  SCV  
  35  3:16  Barracks Tech Lab, SCV  
  36  3:21  SCV  
  36  3:22  Marine  
  36  3:23  Marine  
  39  3:28  SCV  
  39  3:33  SCV  
  41  3:35  Marine  
  41  3:40  Marine, Stimpack, SCV  
  44  3:45  SCV  
  44  3:48  Marine  
  46  3:49  Factory  
  46  3:52  SCV  
  46  3:53  Supply Depot  
  46  3:54  Refinery  
  47  3:57  SCV  
  48  4:05  Engineering Bay, SCV  
  48  4:08  Marine  
  48  4:09  Marine, SCV  
  52  4:11  Marine  
  53  4:17  SCV  
  53  4:21  SCV  
  52  4:26  Marine  
  52  4:27  Marine  
  52  4:29  SCV  
  53  4:32  Marine  
  53  4:33  SCV  
  55  4:41  SCV, Missile Turret  
  55  4:42  Missile Turret  
  55  4:44  Marine x2  
  55  4:45  Terran Infantry Weapons Level 1, SCV  
  58  4:49  Supply Depot  
  58  4:50  Marine  
  60  4:53  SCV  
  60  4:55  Command Center  
  60  4:57  SCV  
  54  5:04  Barracks Reactor, Barracks Tech Lab  
  54  5:05  SCV  
  55  5:09  Marauder  
  55  5:10  SCV  
  58  5:17  SCV  
  59  5:22  SCV  
  59  5:26  Barracks  
  59  5:27  Barracks  
  60  5:29  Marine, SCV  
  60  5:31  Starport, Factory Reactor  
  60  5:34  SCV, Combat Shields  
  63  5:37  Marauder  
  63  5:41  SCV  
  66  5:46  SCV  
  66  5:47  Marine x3  
  70  5:52  Supply Depot x2  
  70  5:53  Refinery  
  70  5:54  SCV, Concussive Shells  
  71  5:58  SCV  
  71  6:00  Supply Depot  
  72  6:06  SCV  
  72  6:09  Orbital Command  
  73  6:11  SCV  
  73  6:16  Barracks Reactor  
  73  6:18  SCV  
  73  6:22  Barracks Tech Lab  
  73  6:27  SCV  
  73  6:30  Supply Depot, SCV  
  73  6:32  Supply Depot, Medivac x2  
  79  6:33  Marine x2, Marauder x2  
  79  6:39  Orbital Command  
  85  6:49  Marine  
  85  6:51  Marine x2  
  85  6:53  Starport, Terran Infantry Armor Level 1, Fusion Core  
  88  6:54  Marauder, Liberator x2  
  88  6:57  SCV x2  
  92  7:04  SCV  
  93  7:09  SCV x2  
  93  7:10  Missile Turret  
  101  7:16  SCV  
  101  7:19  Refinery  
  101  7:20  Refinery  
  101  7:21  Marauder, SCV x2  
  106  7:27  Engineering Bay  
  106  7:29  SCV  
  107  7:30  Armory  
  107  7:31  Starport Tech Lab  
  107  7:34  SCV  
  107  7:35  SCV  
  109  7:38  Marine x2, Marauder x2  
  109  7:39  Marine  
  109  7:40  Liberator x3  
  109  7:41  SCV  
  116  7:48  SCV  
  93  7:58  Orbital Command  
  93  7:59  Marauder  
  93  8:03  Marine x3  
  97  8:09  Marine, Marauder  
  97  8:12  Marine  
  101  8:20  Marine  
  101  8:23  Liberator  
  101  8:27  Marine  
  101  8:28  Marine x2  
  101  8:30  Marauder  
  101  8:31  SCV  
  101  8:33  SCV  
  102  8:34  SCV  
  107  8:42  Advanced Ballistics  
  107  8:43  SCV, Liberator  
  107  8:45  SCV  
  106  8:52  Liberator  
  103  9:03  Marine x2  
  103  9:04  Marauder  
  103  9:06  Marine  
  103  9:08  Marine  
  112  9:20  Liberator  
  109  9:27  Liberator  
  109  9:30  Orbital Command  
  108  9:34  Marauder  
  112  9:39  Marauder  
  112  9:45  Marine x3  
  117  9:46  Liberator  
  120  10:00  SCV  
  120  10:01  SCV x2  
  120  10:04  Marine x2  
  128  10:12  SCV  
  129  10:14  Marine  
  129  10:15  Marine  
  129  10:16  SCV  
  129  10:17  Marine x3  
  135  10:22  Marine x2  
  135  10:24  SCV  
  135  10:25  SCV  
  135  10:26  Supply Depot  
  139  10:28  SCV  
  139  10:29  Supply Depot  
  139  10:30  Liberator x2  
  139  10:32  Marine  
  139  10:33  Liberator  
  139  10:35  Marine  
  137  11:15  Marine  
  137  11:16  Marauder  
  137  11:17  Marine x4, Marauder  
  113  11:33  Marine  
  113  11:34  Marine  
  113  11:35  Marine x3  
  113  11:37  Marine  
  113  11:38  Marauder  
  111  11:50  Orbital Command  
  111  11:51  Marine  
  111  11:52  Marine, Medivac x2  
  111  11:53  Marine x3, Medivac  
  114  11:54  Marine  
  114  11:58  Barracks x2  
  114  11:59  Marine  
  114  12:00  Barracks  
  110  12:09  Marine  
  110  12:10  Marine x3  
  110  12:11  Marine  
  110  12:12  Marine  
  107  12:17  Marine  
  108  12:25  SCV x2  
  108  12:27  Marine, SCV  
  108  12:28  Marine x4  
  116  12:30  Marine  
  116  12:35  Marine  
  112  12:37  SCV  
  105  12:44  Marine  
  105  12:46  Marine x4  
  105  12:48  Marine  
  110  12:52  Marine  
  110  12:56  Viking, Medivac x2  
  110  12:57  SCV  
  113  12:59  SCV x2  
  113  13:02  Marine x4  
  113  13:03  Marine  
  113  13:04  Marine x2  
  113  13:05  Marauder  
  124  13:06  Marine  
  124  13:09  Liberator x2, SCV  
  124  13:10  Marine  
  124  13:11  SCV x2  
  102  13:20  Marine x4  
  102  13:21  Marine  
  102  13:22  Marine x2  
  102  13:23  Marine  
  102  13:25  Marine  
  102  13:26  Medivac  
  111  13:28  Marine  
  106  13:37  Marine  
  106  13:38  Marine x3  
  106  13:39  Marine  
  106  13:40  Marine x2  
  112  13:41  Marine  
  112  13:43  Marine  
  112  13:46  Marine  
Show
View Real Time Build Order
Export as new Build Order

PRIMELOT Protoss - Winner!

Build Orders: 1 Gate Expand, Oracle Opening 

Get SALT Encoding   

  12  0:01  Probe (Chrono Boost)  
  13  0:11  Probe (Chrono Boost)  
  14  0:22  Pylon, Probe (Chrono Boost)  
  15  0:40  Gateway, Probe (Chrono Boost)  
  16  0:51  Probe (Chrono Boost)  
  16  0:52  Assimilator  
  17  1:01  Probe (Chrono Boost)  
  18  1:12  Probe (Chrono Boost)  
  19  1:21  Nexus  
  19  1:31  Cybernetics Core  
  19  1:34  Probe (Chrono Boost)  
  20  1:41  Assimilator  
  20  1:44  Probe (Chrono Boost)  
  21  1:55  Probe (Chrono Boost)  
  21  1:57  Pylon  
  22  2:05  Probe (Chrono Boost)  
  23  2:13  Warp Gate  
  23  2:16  Probe (Chrono Boost)  
  23  2:18  Adept (Chrono Boost)  
  26  2:27  Probe (Chrono Boost)  
  27  2:32  Stargate  
  27  2:34  Probe (Chrono Boost)  
  28  2:39  Probe (Chrono Boost)  
  29  2:45  Probe (Chrono Boost)  
  29  2:50  Probe (Chrono Boost)  
  31  2:56  Probe (Chrono Boost)  
  32  3:00  Probe (Chrono Boost)  
  33  3:06  Probe (Chrono Boost)  
  33  3:11  Probe (Chrono Boost)  
  35  3:15  Oracle (Chrono Boost), Probe (Chrono Boost)  
  39  3:23  Nexus  
  39  3:26  Pylon  
  39  3:30  Probe  
  40  3:36  Probe  
  41  3:46  Probe  
  43  3:52  Mothership Core  
  43  3:53  Oracle (Chrono Boost)  
  47  3:57  Probe  
  47  3:58  Assimilator  
  47  4:02  Assimilator  
  48  4:03  Forge  
  48  4:06  Twilight Council  
  48  4:07  Probe  
  49  4:13  Probe  
  50  4:18  Probe  
  51  4:25  Probe  
  51  4:27  Protoss Ground Weapons Level 1 (Chrono Boost)  
  51  4:28  Probe  
  53  4:37  Probe  
  54  4:39  Gateway, Probe  
  54  4:40  Probe  
  54  4:41  Gateway  
  54  4:42  Sentry  
  54  4:43  Pylon  
  58  4:49  Probe  
  58  4:50  Probe x2  
  61  5:00  Probe  
  61  5:01  Probe  
  61  5:02  Probe  
  61  5:04  Phoenix  
  66  5:10  Robotics Facility, Pylon, Resonating Glaives (Chrono Boost)  
  66  5:11  Probe  
  66  5:12  Probe  
  66  5:14  Probe  
  69  5:17  Adept  
  71  5:22  Pylon, Probe  
  71  5:24  Probe  
  71  5:26  Probe  
  71  5:28  Gateway  
  74  5:30  Gateway  
  74  5:32  Probe  
  74  5:33  Gateway  
  75  5:38  Adept x2, Sentry  
  81  5:50  Probe  
  82  5:57  Gateway  
  82  5:58  Assimilator, Probe  
  82  5:59  Gateway, Warp Prism  
  82  6:00  Pylon, Protoss Ground Weapons Level 2  
  82  6:02  Adept, Assimilator  
  82  6:03  Adept  
  90  6:04  Probe x2  
  91  6:13  Adept  
  91  6:18  Pylon x2  
  93  6:26  Adept x2  
  93  6:27  Adept x2  
  101  6:39  Immortal (Chrono Boost)  
  105  6:41  Adept x2  
  109  6:51  Adept x4  
  117  6:55  Pylon  
  117  6:57  Pylon  
  117  6:58  Pylon  
  117  7:07  Adept  
  117  7:08  Adept x2  
  117  7:11  Probe  
  117  7:13  Pylon, Probe x2  
  120  7:16  Pylon x2  
  120  7:18  Adept x2  
  120  7:19  Adept, Pylon  
  126  7:35  Adept x5  
  136  7:40  Adept  
  130  8:05  Stalker x7  
  134  8:06  Stalker  
  134  8:08  Blink (Chrono Boost)  
  134  8:10  Nexus  
  146  8:28  Protoss Ground Weapons Level 3  
  146  8:37  Templar Archives, Immortal  
  146  8:38  Pylon  
  146  8:41  Stargate  
  142  8:43  Fleet Beacon  
  142  8:46  Probe  
  143  8:52  Forge  
  143  8:53  Pylon  
  135  9:03  Psionic Storm  
  135  9:04  Adept x4  
  143  9:15  High Templar  
  143  9:16  High Templar x2  
  149  9:19  Pylon  
  141  9:38  Stalker x3  
  141  9:39  Stalker x2  
  141  9:44  Tempest (Chrono Boost)  
  159  9:46  Tempest (Chrono Boost)  
  159  9:50  Protoss Ground Armor Level 1  
  159  9:58  High Templar x3  
  165  10:02  Assimilator  
  165  10:04  Assimilator  
  165  10:23  Warp Prism  
  165  10:25  Nexus  
  165  10:27  Stalker x4  
  165  10:28  Stalker  
  169  10:46  Tempest (Chrono Boost)  
  113  11:21  Adept x8  
  117  11:46  Protoss Ground Armor Level 2  
  111  11:49  Tempest (Chrono Boost)  
  111  11:50  Protoss Shields Level 1  
  111  11:51  Adept  
  111  11:52  Adept x7  
  135  11:54  Tempest (Chrono Boost)  
  135  12:08  Pylon  
  135  12:20  High Templar x2  
  135  12:21  High Templar x2  
  135  12:22  Adept x4  
  151  12:33  Probe  
  139  13:00  Tempest (Chrono Boost)  
  147  13:06  Tempest (Chrono Boost)  
  147  13:12  Stalker  
  141  13:13  Stalker x7  
  153  13:37  Tempest (Chrono Boost)  
  157  13:42  Assimilator  
  157  13:46  Assimilator  
  159  13:49  Gateway  
  159  13:51  Gateway  
  159  13:54  Pylon  
  157  13:59  Archon  
  157  14:01  Archon  
  151  14:03  Adept x8  
  151  14:06  Probe  
Tags
 
Add a new tag
Caveats
  • Supply blocks, unpowered buildings, or Contaminate may cause inaccurate times.
  • Supply counts are checked every 10 seconds.